Zazza, neutral female human Tourist ----- ---------- --------- |..>| |........| |........ |...-# |........| |.......| |...|# |........| ----------------#####`#####........| |...|# |......#.| |..(...........-###########|....^..| |...|# |........| |..............| #|.......| --|--# --------.- |..............| -.--|----# ## # ## ------|--------- ######## ####### # # ## ####`################ ### # ### -.-------## # ### # |.......|### ## # ##........|### -+--------.-- ####### |.......|# #............| -|-----.----- ---------### |....<......| |...........| # # |...........| |.......(....##u@f### * ` ##-...........| |...........|# * ` # #* * * ## #*# # * ------------- ------------. #* *### # # # #### Zazza the Sightseer Experience level: 3 Strength: 12 Dexterity: 11 Constitution: 15 Intelligence: 11 Wisdom: 11 Charisma: 18 Health: 0(30) Energy: 13(13) Def: 2 Gold: 669 Moves: 2372 Dungeon seed: zVzmnsGGAPT3EBM2 Game ID: Zazza_1571418728 Your Inventory: Coins $ - 669 gold pieces Amulets p - an uncursed amulet versus poison (being worn) Weapons a - 30 blessed +2 darts (in quiver) t - a +0 orcish dagger B - a blessed +1 orcish dagger D - a +0 long sword (weapon in hand) F - a blessed +1 dagger Armor e - an uncursed +0 Hawaiian shirt (being worn) y - an uncursed +0 orcish helm E - an uncursed +1 dwarvish cloak (being worn) G - an uncursed +0 orcish helm (being worn) N - an uncursed +0 orcish helm Y - an uncursed +0 orcish helm Comestibles b - 3 uncursed eggs c - 5 uncursed food rations i - 2 uncursed tripe rations r - 2 uncursed lembas wafers H - 2 uncursed cloves of garlic L - an uncursed slime mold Scrolls l - an uncursed scroll of magic mapping m - a blessed scroll of magic mapping Potions w - an uncursed potion of water x - an uncursed potion of confusion A - a potion of unholy water Wands u - a wand of nothing (0:4) Tools k - an uncursed skeleton key n - an expensive camera (0:61) o - an uncursed credit card Gems z - 2 uncursed worthless pieces of white glass J - an uncursed worthless piece of violet glass Spells and supernatural/magical abilities: Name Level Category Fail Memory W - pray for help -- divine ? -- Your skills at the end: Fighting Skills Weapon Skills dart [Basic] Spellcasting Skills Final Attributes: You were piously aligned. You were poison resistant. You were telepathic. You are dead. Vanquished creatures: a giant ant a floating eye an acid blob a gas spore a hobbit 11 manes a hobgoblin a giant rat a yellow mold a green mold a red mold 2 geckos a jackal a kobold 3 goblins 2 grid bugs a bat a lichen a kobold zombie 3 newts 36 creatures vanquished. Voluntary challenges: You had been an atheist until turn 2367. You used a wielded weapon 21 times, starting on turn 532. You read items or engraved 7 times, starting on turn 504. You never genocided any monsters. You never polymorphed an object. You never changed form. You used no wishes. You never split a pudding. You wrote Elbereth's name 3 times, starting on turn 504. You never violated your personal moral code. Dungeon overview: The Dungeons of Doom: levels 1 to 5 Level 1 some fountains a long staircase Level 2 a scroll shop, a fountain, a sink Level 3 Level 4 a long staircase Level 5 <- You were here a sink History has recorded: On T:1 you entered the Dungeons of Doom to retrieve the Amulet of Yendor! On T:293 you reached level 2 of The Dungeons of Doom. On T:578 you reached level 3 of The Dungeons of Doom. On T:980 you reached level 4 of The Dungeons of Doom. On T:1205 you advanced to experience level 2. On T:1408 you reached level 5 of The Dungeons of Doom. On T:1639 you advanced to experience level 3. Score breakdown: Gold: 256 ( 8197 points) Experience: 3 levels ( 7878 points) Exploration: 5 levels ( 10.42%) ( 8751 points) Discoveries: 2 items ( 0.67%) ( 2457 points) Valuables value: (no points given unless you survive) Artifact value: 0 ( 0 points) Variety of kills: 20 monsters ( 5.25%) ( 6873 points) Turncount: 2372 turns ( -252 points) Survival: died (score multiplied by 80%) Total score: 27123 Latest messages: As you read the scroll, it disappears. You sense a lack of food nearby. The imp hits! It eats a giant ant corpse. You displace Armand. The rock mole bites! The pony kicks! The pony bites! The pony kicks! The pony bites! You begin praying to The Lady. You are surrounded by a shimmering light. The pony starts to attack you, but pulls back. (4x) You feel that The Lady is well-pleased. You write in the dust with your fingers. The rock mole turns to flee! The pony turns to flee! The pony kicks! The pony bites! The pony kicks! The pony bites! You die... Final status: Aloha Zazza the Tourist, killed by a pony... You died in The Dungeons of Doom on dungeon level 5 with 27123 points, and 669 pieces of gold, after 2372 moves. You were level 3 with a maximum of 30 hit points when you died.